[Event "January 9 Early 2024"]
[Site "https://www.chess.com"]
[Date "2024.01.11"]
[Round "9"]
[White "Eggleston, Thomas A"]
[Black "Burmakin, Evgeniy"]
[Result "0-1"]
[Board "184"]
[TimeControl "180+1"]
[WhiteFideId "412139"]
[BlackFideId "4163729"]
[WhiteElo "2250"]
[BlackElo "2408"]
[WhiteTeam "ENG"]
[BlackTeam "RUS"]
[WhiteClock "0:00:08"]
[BlackClock "0:00:13"]

1. e4 c5 2. Nf3 d6 3. Bc4 Nf6 4. d3 Nc6 5. c3 e6 6. O-O Be7 7. Bb3 O-O 8. Re1 Qc7 9. d4 cxd4 10. cxd4 Bd7 11. Nc3 a6 12. e5 Ne8 13. Bf4 Rc8 14. Qd2 Na5 15. Bc2 Nc4 16. Qd3 g6 17. Rab1 b5 18. Nd1 dxe5 19. Nxe5 Nxe5 20. Bxe5 Qxc2 21. Qxc2 Rxc2 22. Ne3 Rc8 23. Ng4 f6 24. Bf4 Bd6 25. Bh6 Ng7 26. Rbd1 Rf7 27. Bxg7 Kxg7 28. g3 h5 29. Ne3 Re7 30. f4 Bc6 31. Kf2 Rce8 32. Rc1 Bd5 33. a3 Kf7 34. Rc2 Rc7 35. Rce2 Be4 36. Ng2 f5 37. Ne3 Rec8 38. Rd2 Kf6 39. Ree2 Be7 40. Re1 Rc1 41. Rxc1 Rxc1 42. d5 exd5 43. Nxd5+ Bxd5 44. Rxd5 Rc2+ 45. Ke3 Rxb2 46. Rd7 Rb3+ 47. Kd4 Rxa3 48. Kd5 Rd3+ 49. Kc6 Rxd7 50. Kxd7 b4 51. Kc6 b3 52. Kd5 b2 53. Kc4 b1=Q 54. Kd5 Qd3+ 55. Kc6 Qb5+ 56. Kc7 Qc5+ 57. Kd7 Bd6 58. Ke8 Qc7 59. g4 Qe7# 0-1

[Event "January 9 Early 2024"]
[Site "https://www.chess.com"]
[Date "2024.01.11"]
[Round "9"]
[White "Hayrapetyan, Hovik"]
[Black "Jakubowski, Krzysztof"]
[Result "1-0"]
[Board "185"]
[TimeControl "180+1"]
[WhiteFideId "13302639"]
[BlackFideId "1112848"]
[WhiteElo "2815"]
[BlackElo "2672"]
[WhiteTeam "ARM"]
[BlackTeam "POL"]
[WhiteClock "0:00:03"]
[BlackClock "0:00:12"]

1. d4 Nf6 2. c4 e6 3. Nc3 Bb4 4. Nf3 b6 5. g3 Bb7 6. Bd2 c5 7. dxc5 bxc5 8. Bg2 O-O 9. O-O d5 10. cxd5 exd5 11. a3 Bxc3 12. Bxc3 d4 13. Be1 Nbd7 14. b4 Re8 15. bxc5 Nxc5 16. Qxd4 Rc8 17. Bb4 Bxf3 18. Qxd8 Rexd8 19. Bxf3 Nb3 20. Rad1 Nd4 21. Kg2 Nxf3 22. Rxd8+ Rxd8 23. Kxf3 h5 24. Rc1 Ng4 25. h3 Ne5+ 26. Ke4 Re8 27. Kd5 Nd7 28. e3 Nf6+ 29. Kd4 Rd8+ 30. Ke5 Rd5+ 31. Kf4 g5+ 32. Kf3 Rf5+ 33. Ke2 Ne4 34. Be1 Rb5 35. Rc8+ Kh7 36. Kf3 f5 37. g4 Rb1 38. gxf5 Rxe1 39. Kxe4 h4 40. Kf3 Rg1 41. Rc4 Kg7 42. Rg4 Rh1 43. Kg2 Ra1 44. Rxg5+ Kf6 45. Rh5 Rxa3 46. e4 a5 47. Rh6+ Kg5 48. Rg6+ Kf4 49. Re6 Rb3 50. f6 Rb8 51. e5 Rg8+ 52. Kf1 Ra8 53. f7 Rf8 54. Re7 a4 55. e6 Kf5 56. Re8 1-0

[Event "January 9 Early 2024"]
[Site "https://www.chess.com"]
[Date "2024.01.11"]
[Round "9"]
[White "Carow, Johannes"]
[Black "Mendez Fortes, Eduardo Jesus"]
[Result "1-0"]
[Board "186"]
[TimeControl "180+1"]
[WhiteFideId "24692050"]
[BlackFideId "3502376"]
[WhiteElo "2720"]
[BlackElo "2551"]
[WhiteTeam "GER"]
[BlackTeam "CUB"]
[WhiteClock "0:00:12"]
[BlackClock "0:00:19"]

1. d4 Nf6 2. Nf3 d5 3. g3 e6 4. Bg2 b5 5. O-O a5 6. a4 b4 7. c4 bxc3 8. Nxc3 Be7 9. Bf4 O-O 10. Rc1 c6 11. Ne5 Bb7 12. e4 Na6 13. exd5 cxd5 14. Nb5 Nb4 15. Re1 Rc8 16. Rxc8 Qxc8 17. Qe2 Ba6 18. Bh3 Qb7 19. Nxf7 Bxb5 20. Qxb5 Qxb5 21. axb5 Kxf7 22. Bxe6+ Kg6 23. b6 Na6 24. b7 Bb4 25. Rc1 Nh5 26. Be5 Be7 27. Rc6 Nb8 28. Rc8 Na6 29. Rxf8 Bxf8 30. Bxd5 Nf6 31. Bc4 Nd7 32. Bxa6 Bb4 33. b8=Q Nxb8 34. Bxb8 Bd2 35. Be5 a4 36. Bd3+ Kf7 37. Bc2 Bc1 38. Bxa4 Bxb2 39. Kg2 Kg6 40. Kf3 Kf5 41. Bd7+ Kg6 42. Ke4 Kf7 43. Bb5 Ba3 44. Bc4+ Kg6 45. f4 h6 46. d5 Kh7 47. d6 Kh8 48. d7 Be7 49. Bc7 h5 50. d8=Q+ Bxd8 51. Bxd8 h4 52. Bxh4 Kh7 53. g4 Kh8 54. Bg3 Kh7 55. f5 Kh8 56. g5 Kh7 57. f6 Kh8 58. f7 Kh7 59. f8=Q Kg6 60. Qf5+ Kh5 61. Bf7+ g6 62. Qxg6+ Kg4 63. Qf5# 1-0

[Event "January 9 Early 2024"]
[Site "https://www.chess.com"]
[Date "2024.01.11"]
[Round "9"]
[White "Terziev, Dimo"]
[Black "Recuero Guerra, Javier"]
[Result "0-1"]
[Board "187"]
[TimeControl "180+1"]
[WhiteFideId "2925397"]
[BlackFideId "2254085"]
[WhiteElo "2155"]
[BlackElo "2297"]
[WhiteTeam "BUL"]
[BlackTeam "ESP"]
[WhiteClock "0:00:02"]
[BlackClock "0:00:03"]

1. e4 c5 2. Nf3 e6 3. d4 cxd4 4. Qxd4 Nc6 5. Qe3 Nf6 6. Be2 d5 7. exd5 Nxd5 8. Qb3 Be7 9. O-O O-O 10. Rd1 Qb6 11. Qxb6 Nxb6 12. Be3 Nd5 13. Bd2 Bf6 14. c3 b6 15. Na3 Bb7 16. Nc2 Rfd8 17. Bf1 Rac8 18. Ne3 Nxe3 19. Bxe3 Ne7 20. Be2 Nf5 21. Bf4 h6 22. Ne1 Ne7 23. Bf3 Bxf3 24. Nxf3 Nd5 25. Be5 Bxe5 26. Nxe5 f6 27. Nf3 Kf7 28. Rd2 Nc7 29. Rad1 Rxd2 30. Rxd2 Ke7 31. Nd4 Ne8 32. g4 e5 33. Nf5+ Kf8 34. f3 Rc7 35. Kg2 Kf7 36. Nd6+ Nxd6 37. Rxd6 Ke7 38. Rd2 Rd7 39. Rxd7+ Kxd7 40. Kf2 Kd6 41. Ke3 Kd5 42. Kd3 b5 43. b3 a5 44. h4 g6 45. a3 f5 46. gxf5 gxf5 47. Ke3 Kc5 48. Kd3 Kd5 49. Ke3 a4 50. bxa4 bxa4 51. Kd3 Kc5 52. c4 Kc6 53. Kc3 Kc5 54. Kd3 h5 0-1

[Event "January 9 Early 2024"]
[Site "https://www.chess.com"]
[Date "2024.01.11"]
[Round "9"]
[White "Kazakouski, Valery"]
[Black "Martinez Alcantara, Jose Eduardo"]
[Result "1-0"]
[Board "188"]
[TimeControl "180+1"]
[WhiteFideId "13507443"]
[BlackFideId "3805662"]
[WhiteElo "2841"]
[BlackElo "3007"]
[WhiteTeam "LTU"]
[BlackTeam "PER"]
[WhiteClock "0:00:23"]
[BlackClock "0:00:01"]

1. Nf3 g6 2. d4 Bg7 3. g3 c6 4. Bg2 d6 5. c4 Nf6 6. O-O O-O 7. Nc3 Bf5 8. Ng5 d5 9. Qb3 Qb6 10. Qxb6 axb6 11. cxd5 h6 12. e4 Bg4 13. Nf3 cxd5 14. e5 Nfd7 15. Nxd5 Nc6 16. Be3 Rfd8 17. h3 Be6 18. Nc7 Rac8 19. Nxe6 fxe6 20. Bd2 Ndb8 21. Bc3 Na6 22. a3 Nc7 23. Rfd1 Nd5 24. Be1 Rd7 25. Bf1 Nc7 26. Rac1 Rcd8 27. Kg2 g5 28. b4 Ra8 29. b5 Nd8 30. Rc3 Nd5 31. Rb3 Rc7 32. Nd2 Ra4 33. Nb1 Ra8 34. Nc3 Rac8 35. Rd3 Ra8 36. Be2 Rd7 37. Bf3 Nc7 38. Be4 Ra5 39. Bd2 Ra8 40. Be3 Ra5 41. f4 gxf4 42. gxf4 Ra8 43. Kf3 Rc8 44. d5 exd5 45. Nxd5 Nxd5 46. Rxd5 Rxd5 47. Bxd5+ e6 48. Be4 Bf8 49. Bxb6 Nf7 50. a4 Rc4 51. a5 h5 52. Bxb7 Bh6 53. Be3 Rb4 54. Rxb4 Nxe5+ 55. fxe5 Kg7 56. Bxh6+ Kg6 57. Kf4 h4 58. Bg5 Kh5 59. Bf3+ Kg6 60. Rd4 Kh7 61. Be4+ Kg7 62. Rd7+ Kg8 63. Bg6 Kf8 64. Bf6 Kg8 65. Rd8# 1-0

[Event "January 9 Early 2024"]
[Site "https://www.chess.com"]
[Date "2024.01.11"]
[Round "9"]
[White "Kantans, Toms"]
[Black "Sychev, Klementy"]
[Result "1/2-1/2"]
[Board "189"]
[TimeControl "180+1"]
[WhiteFideId "11602945"]
[BlackFideId "4114060"]
[WhiteElo "2650"]
[BlackElo "2791"]
[WhiteTeam "LAT"]
[BlackTeam "FID"]
[WhiteClock "0:00:05"]
[BlackClock "0:00:04"]

1. e4 e5 2. Nf3 Nc6 3. d4 exd4 4. Nxd4 Nf6 5. Nc3 Bb4 6. Nxc6 bxc6 7. Qd4 Qe7 8. f3 d5 9. Bg5 c5 10. Bb5+ Kf8 11. Qd3 dxe4 12. fxe4 Qxe4+ 13. Qxe4 Nxe4 14. Bc6 Nxc3 15. Bxa8 Ne4+ 16. c3 Bxc3+ 17. bxc3 Nxg5 18. Kf2 Ke7 19. Rhe1+ Ne6 20. Rab1 Ba6 21. Bb7 Bd3 22. Rbd1 c4 23. Be4 Rb8 24. Bxd3 cxd3 25. Rxd3 Rb2+ 26. Kg3 Rxa2 27. h4 h5 28. Re5 g6 29. Rb5 a5 30. Rb7 a4 31. Ra7 a3 32. Kf3 Ra1 33. c4 Rf1+ 34. Ke2 Rh1 35. Rdxa3 Rxh4 36. Rc3 Rf4 37. g3 Rf5 38. Ke3 Kf6 39. c5 Rxc5 40. Rxc5 Nxc5 41. Rxc7 Ne6 42. Rc4 Kg5 43. Kf3 Ng7 44. Rc5+ Nf5 45. Ra5 Kf6 46. Ra6+ Kg5 47. Ra5 Kh6 48. Kf4 Nd4 49. Ra7 Kg7 50. Ke4 Ne6 51. Kf3 Kf6 52. Ra6 Ke5 53. Ra5+ Kd6 54. Ra7 Ke5 55. Ra5+ Kf6 56. Ra6 Kg7 57. Ra7 Nc5 58. Rc7 Ne6 59. Ra7 1/2-1/2

[Event "January 9 Early 2024"]
[Site "https://www.chess.com"]
[Date "2024.01.11"]
[Round "9"]
[White "Akobian, Varuzhan"]
[Black "Seo, Jung Min"]
[Result "1/2-1/2"]
[Board "190"]
[TimeControl "180+1"]
[WhiteFideId "13300580"]
[BlackFideId "1734687"]
[WhiteElo "2726"]
[BlackElo "2847"]
[WhiteTeam "USA"]
[BlackTeam "SWE"]
[WhiteClock "0:00:08"]
[BlackClock "0:00:17"]

1. d4 Nf6 2. c4 e6 3. Nf3 d5 4. cxd5 exd5 5. Nc3 c6 6. Qc2 Nbd7 7. Bg5 h6 8. Bf4 Nh5 9. Bd2 Bd6 10. e3 Nhf6 11. Bd3 O-O 12. O-O Re8 13. Rab1 a5 14. a3 Qe7 15. Ne2 Ne4 16. Ng3 Ndf6 17. b4 axb4 18. Bxb4 Bxb4 19. axb4 Nxg3 20. hxg3 Ra3 21. Rb3 Rxb3 22. Qxb3 Bg4 23. Ne5 Be6 24. Ra1 Nd7 25. Nxd7 Qxd7 26. b5 Rc8 27. Qb4 cxb5 28. Bxb5 Qc7 29. Be2 b6 30. Bf3 Rb8 31. Qb5 Qd6 32. Ra7 g6 33. Ra1 h5 34. Rc1 Kg7 35. Rb1 Kh7 36. Rb2 Kg7 37. Rc2 Qd8 38. Rc1 h4 39. g4 Qg5 40. Qc6 b5 41. Qd6 Rh8 42. Rc7 Qf6 43. Rb7 h3 44. Qe5 Qxe5 45. dxe5 hxg2 46. Kxg2 Rd8 47. Rxb5 d4 48. exd4 Rxd4 49. Kg3 g5 50. Rb2 Rd3 51. Re2 Bd5 52. Re3 Rxe3 53. fxe3 Be6 54. Be4 f6 55. Bf5 Bb3 56. exf6+ Kxf6 57. Kf3 Ke5 58. Ke2 Bc4+ 59. Kd2 Bb5 60. Kc3 Be2 61. Kb4 Bxg4 62. Bxg4 Ke4 63. Kc5 Kxe3 64. Kd5 Kd2 65. Bh5 Kc3 66. Ke5 Kb4 67. Kf5 Ka3 68. Kxg5 1/2-1/2

[Event "January 9 Early 2024"]
[Site "https://www.chess.com"]
[Date "2024.01.11"]
[Round "9"]
[White "Rosenberg, Evan S"]
[Black "Estrada Nieto, Julian"]
[Result "0-1"]
[Board "191"]
[TimeControl "180+1"]
[WhiteFideId "2019299"]
[BlackFideId "5101018"]
[WhiteElo "2404"]
[BlackElo "2607"]
[WhiteTeam "USA"]
[BlackTeam "ESP"]
[WhiteClock "0:00:01"]
[BlackClock "0:00:13"]

1. Nf3 d5 2. d4 Nf6 3. c3 c6 4. Qc2 g6 5. Bf4 Bf5 6. Qb3 Qb6 7. Nbd2 Nbd7 8. h3 Bg7 9. g4 Be4 10. Nxe4 Nxe4 11. g5 Qxb3 12. axb3 h6 13. b4 hxg5 14. Nxg5 Nxg5 15. Bxg5 Bh6 16. Bd2 Bxd2+ 17. Kxd2 a6 18. Bg2 O-O-O 19. f4 Rh4 20. e3 Nf6 21. Ke2 Ne4 22. Bxe4 dxe4 23. Kf2 Rdh8 24. Kg3 f6 25. Ra5 Kd7 26. c4 R4h5 27. Rxh5 Rxh5 28. Kg4 Ke6 29. h4 f5+ 30. Kg3 Rh8 31. Ra1 Kd6 32. Ra5 e6 33. Ra1 Ra8 34. b3 Kc7 35. h5 gxh5 36. Kh4 Rg8 37. Re1 Rg2 38. Kxh5 Rb2 39. Kg6 Rxb3 40. Kf6 Kd6 41. c5+ Kd5 42. Rh1 Rxe3 43. Rh7 Kxd4 44. Rxb7 Kc4 45. Kxe6 Rf3 46. Kxf5 e3 47. Kg4 Rf1 48. Re7 Kd4 49. f5 Rg1+ 50. Kf3 Rf1+ 51. Ke2 Rxf5 52. Rxe3 Kc4 53. Re4+ Kb5 54. Kd3 Rf1 55. Kc3 Rc1+ 56. Kb3 Rb1+ 57. Ka3 Rc1 58. Kb3 a5 59. bxa5 Rxc5 60. Rb4+ Kxa5 61. Rb8 Rb5+ 62. Rxb5+ Kxb5 63. Kc3 Kc5 0-1

[Event "January 9 Early 2024"]
[Site "https://www.chess.com"]
[Date "2024.01.11"]
[Round "9"]
[White "Le, Tuan Minh"]
[Black "Makarian, Rudik"]
[Result "1/2-1/2"]
[Board "192"]
[TimeControl "180+1"]
[WhiteFideId "12401153"]
[BlackFideId "44105681"]
[WhiteElo "3026"]
[BlackElo "3096"]
[WhiteTeam "VIE"]
[BlackTeam "FID"]
[WhiteClock "0:00:04"]
[BlackClock "0:00:05"]

1. d4 Nf6 2. Nf3 c5 3. c3 d5 4. Bf4 Nc6 5. e3 Qb6 6. Qc2 g6 7. Nbd2 Bg7 8. Be2 O-O 9. O-O Bf5 10. Qb3 c4 11. Qa3 Rfe8 12. b3 cxb3 13. axb3 Nh5 14. Bg3 Nxg3 15. hxg3 e5 16. dxe5 Nxe5 17. Nd4 Bd7 18. Rfd1 a6 19. Rac1 Rac8 20. b4 h5 21. N2b3 Bg4 22. Bxg4 Nxg4 23. Nc5 Qc7 24. Nf3 Bh6 25. Rxd5 Nxf2 26. Kxf2 Bxe3+ 27. Kf1 Qxg3 28. Rc2 Rcd8 29. Qa2 h4 30. Re2 Bxc5 31. Rxe8+ Rxe8 32. bxc5 h3 33. Rg5 Qf4 34. Kf2 Re3 35. Rxg6+ Kf8 36. Rg3 Rxc3 37. Rxh3 Rxc5 38. Qe2 Rc7 39. Kg1 Qf6 40. Rg3 Rc1+ 41. Kh2 Rc5 42. Qe4 Rh5+ 43. Kg1 Rb5 44. Rh3 a5 45. Qc4 Rb1+ 46. Kh2 Qd6+ 47. Rg3 Rb4 48. Qc8+ Ke7 49. Qh8 a4 50. Ne5 Re4 51. Ng4 a3 52. Qh4+ Kf8 53. Qh8+ Ke7 54. Qh4+ Kf8 55. Qh8+ Ke7 1/2-1/2

[Event "January 9 Early 2024"]
[Site "https://www.chess.com"]
[Date "2024.01.11"]
[Round "9"]
[White "Rakhmatullaev, Almas"]
[Black "Sarana, Alexey"]
[Result "0-1"]
[Board "193"]
[TimeControl "180+1"]
[WhiteFideId "14205793"]
[BlackFideId "24133795"]
[WhiteElo "2834"]
[BlackElo "3055"]
[WhiteTeam "UZB"]
[BlackTeam "SRB"]
[WhiteClock "0:00:01"]
[BlackClock "0:00:37"]

1. e4 c5 2. Nf3 d6 3. d4 cxd4 4. Qxd4 Nf6 5. Be2 g6 6. O-O Bg7 7. h3 O-O 8. Rd1 Nc6 9. Qe3 Nd7 10. Nc3 Qb6 11. Qf4 Bxc3 12. bxc3 Qc5 13. c4 Nce5 14. Be3 Qc7 15. Nxe5 dxe5 16. Qh4 f6 17. Bh6 Rf7 18. Rd2 Nc5 19. Rad1 Be6 20. f3 b6 21. Qg3 Nb7 22. h4 Kh8 23. Be3 Rg8 24. f4 exf4 25. Bxf4 Qc6 26. Qe3 Bxc4 27. Bf3 e5 28. Bh6 Bxa2 29. Kh1 Be6 30. g4 Qc8 31. Rg1 Nc5 32. g5 Qc7 33. gxf6 Rxf6 34. Rg5 Rd8 35. Rxd8+ Qxd8 36. Rxe5 Qd6 37. Bf4 Nd7 38. Rf5 Qe7 39. Rxf6 Qxf6 40. Bg5 Qe5 41. Qd2 Kg7 42. Bh6+ Kf7 43. Bf4 Qf6 44. Kg2 Qxh4 45. Qd6 Qe7 46. Qd4 Qf6 47. e5 Qh4 48. Bd5 Qh3+ 49. Kf2 Bxd5 50. Qxd5+ Qe6 51. Qb7 a5 52. Ke3 a4 53. c4 a3 54. Qa7 g5 55. Bg3 Qe7 56. Qc7 Qc5+ 57. Qxc5 Nxc5 58. Be1 a2 59. Bc3 h5 60. Kd4 Ke6 0-1

[Event "January 9 Early 2024"]
[Site "https://www.chess.com"]
[Date "2024.01.11"]
[Round "9"]
[White "Alexanian, Nelli"]
[Black "Teillet, Benoit"]
[Result "1-0"]
[Board "194"]
[TimeControl "180+1"]
[WhiteFideId "4170539"]
[BlackFideId "616591"]
[WhiteElo "1998"]
[BlackElo "2233"]
[WhiteTeam "TUR"]
[BlackTeam "FRA"]
[WhiteClock "0:00:04"]
[BlackClock "0:00:20"]

1. d4 d6 2. e4 Nf6 3. Bd3 g6 4. Ne2 Bg7 5. Bg5 c5 6. d5 a6 7. f3 b5 8. c4 Bd7 9. Qd2 bxc4 10. Bxc4 Bb5 11. Na3 Qb6 12. Nc3 Bxc4 13. Nxc4 Qb4 14. Qe2 Nbd7 15. O-O O-O 16. a3 Qb8 17. f4 h6 18. Bh4 Re8 19. e5 dxe5 20. fxe5 Nh7 21. Qf3 Nxe5 22. Nxe5 Qxe5 23. Qxf7+ Kh8 24. Rae1 Qd4+ 25. Bf2 Qg4 26. Re4 Qg5 27. Be3 Qh5 28. Rxe7 Rxe7 29. Qxe7 Rf8 30. Rxf8+ Bxf8 31. Qe8 Qf5 32. Bxc5 Kg8 33. Bxf8 Nxf8 34. d6 Qc5+ 35. Kf1 Qxd6 36. Qe4 Qf6+ 37. Kg1 Qg5 38. h3 Qc1+ 39. Kh2 Qxb2 40. Qd5+ Kg7 41. Ne4 Qb8+ 42. Nd6 Qc7 43. Kg1 h5 44. Qe5+ Kh6 45. Nf5+ gxf5 46. Qxc7 Ng6 47. Qc6 Kg5 48. Qxa6 h4 49. Qe2 Nf4 50. Qf3 Ne2+ 51. Qxe2 f4 52. Qf3 Kf5 53. Kf2 Kg5 54. a4 Kf5 55. a5 Ke5 56. a6 Kd6 57. a7 Kc7 58. a8=Q Kd7 59. Qa6 Kc7 60. Qfc6+ Kb8 61. Qcb7# 1-0

[Event "January 9 Early 2024"]
[Site "https://www.chess.com"]
[Date "2024.01.11"]
[Round "9"]
[White "Perossa, Nicolas"]
[Black "Zhu, Jiner"]
[Result "1-0"]
[Board "195"]
[TimeControl "180+1"]
[WhiteFideId "2850520"]
[BlackFideId "8608059"]
[WhiteElo "2469"]
[BlackElo "2597"]
[WhiteTeam "ITA"]
[BlackTeam "CHN"]
[WhiteClock "0:00:04"]
[BlackClock "0:00:16"]

1. d4 Nf6 2. Nf3 g6 3. g3 Bg7 4. Bh3 O-O 5. O-O d5 6. Bg2 c5 7. c3 Ne4 8. Nbd2 Nc6 9. e3 Nxd2 10. Bxd2 b6 11. Re1 Bf5 12. Rc1 Rc8 13. b3 e5 14. dxe5 Nxe5 15. Nxe5 Bxe5 16. e4 dxe4 17. Bxe4 Bxe4 18. Rxe4 Qd5 19. Qe2 Bf6 20. c4 Qd7 21. Bc3 Bxc3 22. Rxc3 Rfe8 23. Rce3 Rxe4 24. Rxe4 a5 25. Re7 Qc6 26. Qd3 Qf6 27. Qd7 Rf8 28. Kg2 Kg7 29. h4 h5 30. Qc7 Ra8 31. a4 Rf8 32. Re3 Rd8 33. Rf3 Qd4 34. Qxf7+ Kh6 35. Rf6 Qe4+ 36. Kh2 Qg4 37. Rf4 Qd1 38. Qe7 Qd7 39. Qg5+ Kg7 40. Rf6 Qd3 41. Rxg6+ Qxg6 42. Qxd8 Qc2 43. Qc7+ Kg8 44. Qc8+ Kg7 45. Qd7+ Kg8 46. Qe6+ Kg7 47. Qe5+ Kg8 48. Qg5+ Kf8 49. Qf4+ Kg8 50. Qe3 Kg7 51. Kg2 Kg8 52. Kf3 Qd1+ 53. Ke4 Qc2+ 54. Kf4 Qg6 55. Qe4 Qf6+ 56. Qf5 Qd4+ 57. Kg5 Qc3 58. Qg6+ Kf8 59. Qf6+ Qxf6+ 60. Kxf6 Ke8 61. Kg6 1-0

[Event "January 9 Early 2024"]
[Site "https://www.chess.com"]
[Date "2024.01.11"]
[Round "9"]
[White "Sasvatha A"]
[Black "Filipovic, Slobodan J"]
[Result "1-0"]
[Board "196"]
[TimeControl "180+1"]
[WhiteFideId "45010862"]
[BlackFideId "939633"]
[WhiteElo "2194"]
[BlackElo "2361"]
[WhiteTeam "IND"]
[BlackTeam "SRB"]
[WhiteClock "0:00:26"]
[BlackClock "0:00:12"]

1. e4 c5 2. Nf3 Nc6 3. d4 cxd4 4. Nxd4 e5 5. Nb3 Nf6 6. Bd3 d5 7. exd5 Nxd5 8. O-O Ndb4 9. Be4 Qxd1 10. Rxd1 Bg4 11. Re1 Be6 12. c3 Nd5 13. N1d2 f6 14. Nf3 Be7 15. h3 O-O 16. Nfd2 Rfd8 17. a3 Rac8 18. c4 Nf4 19. Re3 a5 20. Bxc6 bxc6 21. Nxa5 Bc5 22. Rf3 Ne2+ 23. Kf1 Nxc1 24. Rxc1 Rxd2 25. Nb3 Rxb2 26. Nxc5 Bf7 27. Rb3 Ra2 28. Nb7 Ra1 29. Rxa1 Bxc4+ 30. Ke1 Bxb3 31. a4 c5 32. a5 c4 33. a6 c3 34. a7 Bd5 35. a8=Q Rxa8 36. Rxa8+ Kf7 37. Nd8+ Ke7 38. Rc8 Kd7 39. Rxc3 e4 40. Rc5 Kd6 41. Rxd5+ Kxd5 42. Nb7 Kc6 43. Na5+ Kb5 44. Nb3 Kc4 45. Nd2+ Kd3 46. Nf1 f5 47. Ng3 f4 48. Nh5 g5 49. Nf6 h6 50. Ng8 h5 51. Nf6 h4 52. Nh7 g4 53. hxg4 f3 54. Ng5 fxg2 55. Nh3 e3 56. g5 Ke4 57. fxe3 Kf5 58. Kf2 Kg4 59. Kxg2 Kf5 60. Kf3 1-0

[Event "January 9 Early 2024"]
[Site "https://www.chess.com"]
[Date "2024.01.11"]
[Round "9"]
[White "Lopusiewicz, Piotr"]
[Black "Golubovic, Erik"]
[Result "0-1"]
[Board "197"]
[TimeControl "180+1"]
[WhiteFideId "1116029"]
[BlackFideId "14586908"]
[WhiteElo "2470"]
[BlackElo "2295"]
[WhiteTeam "POL"]
[BlackTeam "CRO"]
[WhiteClock "0:00:01"]
[BlackClock "0:00:06"]

1. d4 Nf6 2. c4 c5 3. d5 b5 4. cxb5 a6 5. bxa6 Bxa6 6. Nc3 d6 7. e4 Bxf1 8. Kxf1 g6 9. g3 Bg7 10. Kg2 O-O 11. Nf3 Nbd7 12. a4 Qb6 13. Re1 Rfb8 14. Nb5 Ne8 15. Qc2 Nc7 16. Nxc7 Qxc7 17. Rb1 Rb4 18. b3 Rab8 19. Bd2 R4b7 20. b4 cxb4 21. Qxc7 Rxc7 22. Rxb4 Rxb4 23. Bxb4 Rc4 24. Rb1 Rxe4 25. a5 Re2 26. Rb3 Nc5 27. Bxc5 dxc5 28. Rb8+ Bf8 29. Rc8 Ra2 30. Ne5 Rxa5 31. Nd7 Ra7 32. Nxf8 Kg7 33. Kf3 c4 34. Ke3 c3 35. Kd3 Ra5 36. Kxc3 Rxd5 37. Kc2 Rd6 38. h4 h5 39. Kc3 Rd5 40. Re8 e6 41. Nxe6+ fxe6 42. Rxe6 Kf7 43. Re3 Rd1 44. Rd3 Rf1 45. Rd2 Kf6 46. Kd3 Ra1 47. Ke3 Ra3+ 48. Rd3 Ra4 49. Rd4 Ra3+ 50. Kf4 Ra6 51. f3 Rb6 52. Rc4 Ra6 53. g4 hxg4 54. fxg4 g5+ 55. hxg5+ Kg6 56. Rd4 Rb6 57. Ra4 Rc6 58. Rb4 Ra6 59. Rd4 Rb6 60. Ra4 Rc6 61. Ra5 Rb6 0-1

[Event "January 9 Early 2024"]
[Site "https://www.chess.com"]
[Date "2024.01.11"]
[Round "9"]
[White "Terry, Renato"]
[Black "Firouzja, Alireza"]
[Result "1-0"]
[Board "198"]
[TimeControl "180+1"]
[WhiteFideId "3803457"]
[BlackFideId "12573981"]
[WhiteElo "3001"]
[BlackElo "3125"]
[WhiteTeam "PER"]
[BlackTeam "FRA"]
[WhiteClock "0:00:04"]
[BlackClock "0:00:02"]

1. d4 Nf6 2. Bg5 e6 3. e4 h6 4. Bxf6 Qxf6 5. c3 d6 6. Bd3 Nc6 7. Ne2 g5 8. O-O e5 9. Bb5 a6 10. Qa4 Bd7 11. d5 Nb8 12. Bxd7+ Nxd7 13. Ng3 Qf4 14. Nh5 b5 15. Qc2 Qg4 16. Ng3 h5 17. Nd2 h4 18. Nf5 Qh5 19. a4 bxa4 20. Qxa4 Qe2 21. Nc4 h3 22. g3 Kd8 23. Rfe1 Qf3 24. Nfe3 g4 25. Nd2 Qf6 26. Qc6 Rc8 27. b4 Bh6 28. Nxg4 Qg5 29. Nxh6 Rxh6 30. Re3 Nf6 31. Qxa6 Ng4 32. Re2 f5 33. Qd3 f4 34. c4 Rf6 35. Nf3 Qh5 36. Rf1 Ke7 37. Nh4 Rcf8 38. Nf5+ Rxf5 39. exf5 Rxf5 40. f3 Nf6 41. g4 Rg5 42. Kh1 Qe8 43. c5 Qa4 44. cxd6+ cxd6 45. Rc1 Qxb4 46. Rc7+ Kf8 47. Rc8+ Kg7 48. Rc7+ Kf8 49. Rc8+ Kg7 50. Rc1 Qa4 51. Rd2 e4 52. Qd4 Qxd4 53. Rxd4 Re5 54. Rf1 e3 55. Rxf4 Rxd5 56. Re1 Re5 57. Rd4 d5 58. Kg1 Kg6 59. Kf1 Kg5 60. f4+ 1-0

[Event "January 9 Early 2024"]
[Site "https://www.chess.com"]
[Date "2024.01.11"]
[Round "9"]
[White "Guzman Lozano, Campo Elias"]
[Black "Kostiukov, Alexandr"]
[Result "1-0"]
[Board "199"]
[TimeControl "180+1"]
[WhiteFideId "4403746"]
[BlackFideId "14108100"]
[WhiteElo "2177"]
[BlackElo "2282"]
[WhiteTeam "COL"]
[BlackTeam "UKR"]
[WhiteClock "0:00:05"]
[BlackClock "0:00:01"]

1. c4 g6 2. Nc3 Bg7 3. d4 d6 4. Nf3 e5 5. e3 Qe7 6. Be2 e4 7. Nd5 Qd7 8. Nd2 c6 9. Nc3 f5 10. O-O Nf6 11. f3 d5 12. fxe4 dxe4 13. Nb3 O-O 14. Qe1 b6 15. Qh4 a5 16. Bd2 a4 17. Nc1 c5 18. d5 a3 19. bxa3 Rxa3 20. Nb3 Ra8 21. Rab1 Ne8 22. a4 Na6 23. a5 bxa5 24. Nxa5 Nb4 25. Nb3 Ra3 26. Nb5 Ra2 27. Bxb4 cxb4 28. Nc1 Rc2 29. Rxb4 Nd6 30. Nd4 Qa7 31. Nxc2 Qc5 32. Qe1 f4 33. Kh1 f3 34. gxf3 exf3 35. Rxf3 Nf5 36. e4 Nh4 37. Rxf8+ Bxf8 38. Qxh4 Qd6 39. Qf2 Qe5 40. Bd3 Bxb4 41. Nxb4 Qa1 42. Qd2 Bg4 43. c5 Bf3+ 44. Kg1 Qd4+ 45. Kf1 Bxe4 46. Nc6 Qf6+ 47. Qf2 Qc3 48. Bxe4 Qxc1+ 49. Kg2 Qg5+ 50. Qg3 Qd2+ 51. Kh3 Qh6+ 52. Qh4 Qe3+ 53. Qg3 Qh6+ 54. Kg2 Qd2+ 55. Qf2 Qg5+ 56. Kh1 Qc1+ 57. Qg1 Qe3 58. Bg2 Qxc5 59. Ne5 Qd6 60. Qd4 h5 61. Nc4 Qb8 62. d6 Qb1+ 63. Qg1 1-0

[Event "January 9 Early 2024"]
[Site "https://www.chess.com"]
[Date "2024.01.11"]
[Round "9"]
[White "Winkels, Marcel"]
[Black "Kornyukov, Alexey"]
[Result "0-1"]
[Board "200"]
[TimeControl "180+1"]
[WhiteFideId "1003887"]
[BlackFideId "4150457"]
[WhiteElo "2013"]
[BlackElo "2259"]
[WhiteTeam "NED"]
[BlackTeam "RUS"]
[WhiteClock "0:00:03"]
[BlackClock "0:00:02"]

1. e4 c5 2. a3 g6 3. Nf3 Bg7 4. Bc4 e6 5. Ba2 Ne7 6. O-O d5 7. d3 O-O 8. Nc3 Nbc6 9. Bg5 d4 10. Ne2 h6 11. Bd2 e5 12. Ne1 Be6 13. Bxe6 fxe6 14. f4 exf4 15. Nxf4 Qd7 16. Qg4 Nd8 17. Nxg6 Nxg6 18. Qxg6 Rxf1+ 19. Kxf1 Nf7 20. Nf3 Rf8 21. Kg1 b5 22. Rf1 c4 23. Bb4 Ra8 24. Qg4 a5 25. Bd2 c3 26. bxc3 dxc3 27. Be3 b4 28. axb4 axb4 29. Nd4 Ra6 30. Nb3 Ne5 31. Qg3 Nf7 32. Qf3 Ra2 33. Qe2 Ne5 34. d4 Nc6 35. e5 Rb2 36. Qd3 Qd5 37. Qg6 Qd7 38. Bxh6 Kh8 39. Bxg7+ Qxg7 40. Qe8+ Kh7 41. Rf7 Rb1+ 42. Kf2 Rb2 43. Rxg7+ Kxg7 44. Qxc6 Rxc2+ 45. Ke3 Rb2 46. Qc4 c2 47. Kd2 Ra2 48. Kc1 Kf7 49. d5 exd5 50. Qxd5+ Ke7 51. e6 Ra3 52. Nc5 Rc3 53. Qd7+ Kf6 54. Qf7+ Ke5 55. e7 b3 56. e8=Q+ Kd4 57. Qfd7+ Kc4 58. Qec8 b2+ 59. Kxb2 c1=Q+ 60. Ka2 Ra3# 0-1